AoeStats
← nanderete

Black Forest

508344014Analyzed
2v2 RM · 11d ago on Sep 22, 2026· 41m 0s· 4 players
Game mode
Random Map
Map size
Medium (4 player)
Population
200
Speed
Normal
Resources
Standard
Victory
Conquest
Starting age
Dark Age
Ending age
Imperial Age
RankedLock teamsTeams togetherTeam positionsShared explorationLock speedFull tech treeHidden civsTurbo modeCheats
Victory
Defeat
🇨🇴 Celts · Colombia
939
+17
🇨🇴 Khmer · Colombia
838
+21
🇨🇱 Teutons · Chile
1000
-68
🇨🇱 Burgundians · Chile
915
-44
IskiSick
4:43 Double-Bit Axe
7:53 Loom
10:37 Feudal Age
12:41 Horse Collar
14:57 Heavy Plow
16:23 Fletching
20:22 Stone Mining
21:50 Forging
23:43 Castle Age
24:27 Crossbowman
24:29 Elite Skirmisher
28:22 Wheelbarrow
31:38 Hand Cart
31:11 Town Watch
34:01 Imperial Age
32:40 Ballistics
32:04 Light Cavalry
32:44 Husbandry
32:21 Man-at-Arms
32:29 Pikeman
33:10 Squires
33:13 Bodkin Arrow
33:54 Iron Casting
33:47 Bow Saw
34:09 Crop Rotation
37:12 Blast Furnace
36:16 Bracer
37:10 Hussar
37:54 Crossbowman
39:11 Halberdier
nanderete
8:01 Loom
11:02 Feudal Age
11:34 Double-Bit Axe
13:18 Wheelbarrow
14:25 Horse Collar
28:12 Castle Age
26:09 Town Watch
28:20 Forging
28:21 Scale Barding Armor
28:31 Bloodlines
29:25 Hand Cart
30:08 Heavy Plow
30:07 Pikeman
31:23 Gold Mining
31:52 Stone Mining
34:38 Chain Barding Armor
34:18 Scale Mail Armor
34:54 Iron Casting
38:12 Squires
41:13 Imperial Age
Santi Povs
10:59 Feudal Age
14:33 Castle Age
12:35 Double-Bit Axe
13:23 Horse Collar
15:40 Bow Saw
22:40 Loom
27:08 Imperial Age
25:17 Wheelbarrow
24:27 Town Watch
24:59 Scale Mail Armor
25:54 Forging
25:45 Heavy Plow
25:38 Gold Mining
26:20 Chain Mail Armor
26:51 Hand Cart
27:58 Iron Casting
28:53 Chemistry
28:28 Plate Mail Armor
28:54 Gold Shaft Mining
29:03 Scale Barding Armor
31:12 Blast Furnace
30:20 Siege Engineers
30:01 Capped Ram
32:00 Chain Barding Armor
32:13 Pikeman
33:55 Masonry
33:28 Siege Ram
34:03 Halberdier
34:55 Heavy Scorpion
NickyCash
2:29 Loom
14:11 Feudal Age
17:12 Castle Age
15:28 Double-Bit Axe
15:33 Horse Collar
16:22 Stone Mining
16:39 Gold Mining
34:15 Imperial Age
32:49 Gold Shaft Mining
32:32 Bow Saw
32:44 Heavy Plow
33:23 Wheelbarrow
34:32 Hand Cart
34:03 Town Watch
34:56 Stone Shaft Mining
34:40 Fortified Wall
36:24 Chemistry
36:14 Conscription
35:57 Double Crossbow
36:53 Capped Ram
37:51 Fishing Lines
38:02 Elite Ballista Elephant
39:44 Crop Rotation
39:45 Heavy Scorpion
Connection lost

Rejoining the realm…

Still unreachable

The connection could not be restored.

Session expired

The server has moved on; the page needs a fresh start.